cohdb
Replays
Latest Replays
All Replays
Popular Replays
Top Player Replays
Match Explorer
How It Works
Community
CoH3 Stats
Reddit
Sign in to upload your games and track your stats! →
Sign in with Steam
Match 39772474
Unlisted
Match 39772474
Overview
Messages
Build Orders
End
Construct Weapon Support Center
Selects Heavy Weapons
M1919 Machine Gun Team
M1919 Machine Gun Team
Bazooka Squad
Mechanized Support Center
Selects M2HB .50cal Heavy Machine Gun
M1919 Machine Gun Team
Construct Motor Pool
Bazooka Squad
Selects Assault Carriers
M3 Assault Carrier
Improvised Armor
Engineer Squad
M3 Assault Carrier
Selects Halftrack Strongpoints
Rapid Repairs
Designate Forward Repair Station
Selects Rapid Reposition
M3 Assault Carrier
Construct Tank Depot
Improved M9 Bazooka Rockets
Selects Bolstered Team Weapons
M4A1 76mm Conversion
M4A1 Sherman Medium Tank
Been_Bug
Old Foxy
teng_vang21
Nonstopsun
killall
99hour
Ragnar Lothbrok
ILoveRimJOB
0
0
Comments
sign in to comment!
No comments posted yet!